 Dungeon Crawl Stone Soup version 0.29.1-1-gd02db6906a (webtiles) character file.

Game seed: 954265562984170474

1323 LustLizard the Slasher (level 8, -16/64 HPs)
             Began as a Demonspawn Fighter on Oct 8, 2022.
             Was an Initiate of Okawaru.
             Demolished by a shadow (28 damage)
             ... on level 5 of the Dungeon.
             The game lasted 00:20:49 (7099 turns).

LustLizard the Slasher (Demonspawn Fighter)         Turns: 7099, Time: 00:20:51

Health: -16/64     AC:  7    Str: 17    XL:     8   Next: 33%
Magic:  8/8        EV:  8    Int: 10    God:    Okawaru [......]
Gold:   190        SH:  5    Dex: 16    Spells: 7/7 levels left

rFire   + . .      SeeInvis .   a - +0 long sword
rCold   . . .      Faith    .   c - +0 buckler
rNeg    . . .      Spirit   .   b - +0 scale mail
rPois   .          Reflect  .   (no helmet)
rElec   .          Harm     .   (no cloak)
rCorr   .          Rampage  .   (no gloves)
Will    +....                   j - +0 pair of boots
Stlth   +.........              (no amulet)
HPRegen 0.20/turn               o - ring of willpower
MPRegen 0.11/turn               B - ring of protection from fire

@: slowed, very slow
A: thin skeletal structure 1, demonic touch 2
a: Renounce Religion


You were on level 5 of the Dungeon.
You worshipped Okawaru.
Okawaru was noncommittal.
You visited 2 branches of the dungeon, and saw 6 of its levels.

You collected 301 gold pieces.
You spent 111 gold pieces at shops.

Inventory:

Hand Weapons
 a - a +0 long sword (weapon)
 u - a +3 halberd
 y - a +0 club
Missiles
 h - 31 stones
 v - a boomerang
 w - 12 poisoned darts (quivered)
Armour
 b - a +0 scale mail (worn)
 c - a +0 buckler (worn)
 j - a +0 pair of boots (worn)
Jewellery
 o - a ring of willpower (left hand)
 B - a ring of protection from fire (right hand)
Wands
 x - a wand of flame (12)
Scrolls
 e - a scroll of noise {unknown}
 f - 3 scrolls of teleportation {unknown}
 g - 2 scrolls of enchant armour {unknown}
 k - 2 scrolls of immolation {unknown}
 p - 2 scrolls of poison {unknown}
 q - a scroll of enchant weapon {unknown}
 r - a scroll of amnesia
 s - a scroll of summoning
 t - a scroll of torment
Potions
 d - 5 potions of might
 i - 3 potions of attraction
 l - 2 potions of flight
 m - a potion of mutation
 n - a potion of haste
 z - a potion of heal wounds
 A - a potion of invisibility
 C - a potion of magic
 D - a potion of curing


   Skills:
 + Level 6.0 Fighting
 * Level 7.0 Long Blades
 - Level 4.0 Throwing
 - Level 2.6 Armour
 - Level 2.6 Shields


You had 7 spell levels left.
You didn't know any spells.
Your spell library contained the following spells:

 Spells                   Type           Power      Damage    Failure   Level
 Apportation              Tloc           0%         N/A       86%         1
 Necrotise                Necr           0%         1d4       86%         1
 Sandblast                Erth           0%         2d4       86%         1
 Passwall                 Tmut/Erth      0%         N/A       95%         2
 Stone Arrow              Conj/Erth      0%         3d7       99%         3
 Vampiric Draining        Necr           0%         2d6       99%         3
 Agony                    Necr           0%         N/A       100%        5
 Summon Small Mammal      Summ           Unusable   N/A       N/A         1

Dungeon Overview and Level Annotations

Branches:
Dungeon (5/15)             Temple (1/1) D:5

Altars:
Ashenzari
Cheibriados
Dithmenos
Gozag
Kikubaaqudgha
Makhleb
Nemelex Xobeh
Okawaru
Qazlal
Sif Muna
Wu Jian
Xom
Yredelemnul

Shops:
D:5 !(?


Innate Abilities, Weirdness & Mutations

You have a somewhat thin skeletal structure. (Dex +2, Stealth+)
Your touch may inflict irresistible damage on your foes.


Message History

You throw a poisoned dart. The poisoned dart hits the ogre.
The ogre is lightly wounded.
You throw a poisoned dart. The poisoned dart hits the ogre.
The ogre looks as sick as possible!
The ogre is lightly wounded.
You kill the ogre!
Okawaru accepts your kill.
Your Fighting skill increases to level 6!
Your Long Blades skill increases to level 7!
Things that are here:
a +0 giant spiked club; an ogre corpse
w - 9 poisoned darts (gained 2)
w - 10 poisoned darts (gained 1)
w - 11 poisoned darts (gained 1)
w - 12 poisoned darts (gained 1)
A shadow comes into view.
The shadow slips into darkness.
The shadow flickers and vanishes!
Deactivating autopickup; reactivate with Ctrl-A.
Found 2 stones.
The shadow strikes at you from the darkness!
Reactivating autopickup.
You barely miss the shadow. The shadow hits you.
A wraith comes into view.
You hit the shadow but do no damage. The shadow hits you!
You closely miss the shadow. The shadow hits you.
You barely miss the shadow. The shadow barely misses you.
The wraith barely misses you.
You barely miss the shadow. The shadow hits you!
* * * LOW HITPOINT WARNING * * *
The wraith hits you.
* * * LOW HITPOINT WARNING * * *
The wraith drains your vigour!
You feel yourself slow down.
You closely miss the shadow.
The shadow slips into darkness.
The shadow flickers and vanishes!
Deactivating autopickup; reactivate with Ctrl-A.
The wraith barely misses you.
The shadow strikes at you from the darkness!
You die...

#..<..........###
#..O............#
###.............. ##.............
##...........#.)
####...............
..##....##........ ###
#{W#.........⌠.⌠.. #.##
#@##..........∩..# #..#
####.#.........⌠.⌠.# #.##
##.#.##............## ##.#
##.#.#.##............# #..#
#.######..#.#.#.......
######..#..##.#.#.#..............
.#.#....##...........#.#.#.......
.........###########.............
.#......###........#.#.#.#.......


You could see a wraith.

Vanquished Creatures
  Menkaure (D:4)
  The ghost of warriortoast the Conjurer, an amateur DECj (D:4)
  A black bear (D:4)
  An ogre (D:5)
  2 centaurs
  A phantom (D:5)
  5 scorpions
  3 hounds
  2 jellies
  An iguana (D:5)
  An orc wizard (D:5)
  7 gnolls
  5 adders
  An ufetubus (D:4)
  3 worms
  A dart slug (D:2)
  12 orcs
  5 endoplasms
  5 goblins
  7 hobgoblins
  4 jackals (D:3)
  A quokka (D:1)
  4 ball pythons
  A bat (D:2)
  4 kobolds
  7 rats
86 creatures vanquished.

Notes
Turn   | Place    | Note
-------+----------+-------------------------------------------
     0 | D:1      | LustLizard the Demonspawn Fighter began the quest for the
                  | Orb.
     0 | D:1      | Reached XP level 1. HP: 18/18 MP: 1/1
   130 | D:1      | Reached skill level 2 in Long Blades
   485 | D:1      | Found a faded altar of an unknown god.
   638 | D:2      | Gained mutation: You have a somewhat thin skeletal
                  | structure. (Dex +2, Stealth+) [demonic ancestry]
   638 | D:2      | Reached XP level 2. HP: 24/24 MP: 2/2
   835 | D:2      | Reached skill level 1 in Throwing
  1216 | D:2      | Reached XP level 3. HP: 28/29 MP: 3/3
  1955 | D:2      | Gained mutation: Your touch may inflict minor irresistible
                  | damage on your foes. [demonic ancestry]
  1955 | D:2      | Reached XP level 4. HP: 20/35 MP: 4/4
  2116 | D:2      | Reached skill level 3 in Long Blades
  2870 | D:3      | Reached XP level 5. HP: 29/42 MP: 5/5
  3380 | D:4      | Found a large runed translucent door.
  3380 | D:4      | Identified the +10 dagger of Responsibility {holy, *Corrode
                  | rElec Dex+6 Stlth+}
  3671 | D:4      | Noticed a black bear
  3682 | D:4      | Killed a black bear
  3683 | D:4      | Reached skill level 4 in Long Blades
  3683 | D:4      | Reached XP level 6. HP: 48/48 MP: 6/6
  4196 | D:4      | Found a large runed translucent door.
  4200 | D:4      | Noticed warriortoast's ghost (amateur DECj)
  4518 | D:4      | Reached XP level 7. HP: 38/55 MP: 7/7
  4675 | D:4      | Noticed Menkaure
  4682 | D:4      | Killed Menkaure
  4683 | D:4      | Reached skill level 5 in Long Blades
  4998 | D:4      | Killed warriortoast's ghost
  4999 | D:4      | Reached skill level 5 in Fighting
  5151 | D:5      | Entered Level 5 of the Dungeon
  5233 | D:5      | Found Fiostriami's Antique Weapon Boutique.
  5285 | D:5      | Found Osuv's Distillery.
  5294 | D:5      | Bought a potion of heal wounds for 55 gold pieces
  5600 | D:5      | Reached skill level 6 in Long Blades
  5942 | D:5      | Found Sihackar's Magic Scroll Boutique.
  5957 | D:5      | Bought a scroll of identify for 28 gold pieces
  5957 | D:5      | Bought a scroll of identify for 28 gold pieces
  5996 | D:5      | Gained mutation: Your touch may inflict irresistible damage
                  | on your foes. [demonic ancestry]
  5996 | D:5      | Reached XP level 8. HP: 30/63 MP: 8/8
  6177 | D:5      | Found a shimmering altar of Xom.
  6177 | D:5      | Found a basalt altar of Yredelemnul.
  6184 | D:5      | Found a faded altar of an unknown god.
  6186 | D:5      | Found a shadowy altar of Dithmenos.
  6188 | D:5      | Found a snail-covered altar of Cheibriados.
  6248 | D:5      | Found a staircase to the Ecumenical Temple.
  6374 | Temple   | Entered the Ecumenical Temple
  6532 | Temple   | Became a worshipper of Warmaster Okawaru
  6724 | D:5      | Found an opulent altar of Gozag.
  7056 | D:5      | Reached skill level 7 in Long Blades
  7099 | D:5      | Demolished by a shadow

Illustrated notes

Levels and vault maps discovered:
D:1:      dpeg_arrival_solitude, layout_rooms,
          hellmonk_ecumenical_altar_inner_sanctum
D:2:      layout_loops_corners, st_stairs_1, serial_bayou_pond_c
D:3:      layout_loops_ring
D:4:      cheibrodos_helix_gallery, layout_basic, ebering_ghost_disaster_area,
          wad_floor_pattern_1, amethyst_killhole, uniq_menkaure
D:5:      layout_cave_pools, mainiacjoe_overflow_six_doors_small,
          chequers_temple_overflow_minitemple, minmay_temple_entry_tees,
          serial_glass, glass_columns_b, glass_columns_a, serial_shops,
          shop_fountains, nicolae_shop_crystal, nicolae_inconvenience_store,
          minmay_small_thing
Temple:   hellmonk_temple_flake

Skill      XL: |  1  2  3  4  5  6  7  8 |
---------------+-------------------------+-----
Long Blades    | 2 3 4 6 7 |  7.0
Throwing       | 1 2 3 4 |  4.0
Fighting       | 4 5 6 |  6.0
Armour         | |  2.6
Shields        | |  2.6

Action                   |  1- 3 |  4- 6 |  7- 9 || total
-------------------------+-------+-------+-------++-------
Melee: Long sword        |   111 |   127 |   123 ||   361
Throw: Stone             |       |     5 |       ||     5
       Dart              |       |    11 |     5 ||    16
  Use: Scroll            |     5 |     2 |     3 ||    10
       Potion            |     1 |       |     1 ||     2
 Stab: Sleeping          |       |       |     1 ||     1
Armor: Scale mail        |    84 |    59 |    29 ||   172
Dodge: Dodged            |    56 |    42 |    46 ||   144
Block: Buckler           |    44 |    44 |    20 ||   108
